 Dungeon Crawl Stone Soup version 0.29-a0-284-gf9362112df (webtiles) character file.

Game seed: 17429961015907740982

109 n8rtot the Sneak (level 4, -11/21 HPs)
             Began as a Vine Stalker Enchanter on Mar 24, 2022.
             Was a Follower of Trog.
             Killed by divine providence
             ... invoked by an orc priest
              (13 damage)
             ... on level 3 of the Dungeon on Mar 25, 2022.
             The game lasted 00:08:30 (2974 turns).

n8rtot the Sneak (Vine Stalker Enchanter)           Turns: 2974, Time: 00:08:33

Health: -11/21     AC:  3    Str: 16    XL:     4   Next: 89%
Magic:  0/8        EV: 12    Int: 15    God:    Trog [*.....]
Gold:   115        SH:  0    Dex: 17    Spells: 7/7 levels left

rFire   . . .      SeeInvis .   a - +1 dagger
rCold   . . .      Faith    .   (no shield)
rNeg    . . .      Spirit   +   b - +0 robe
rPois   .          Reflect  .   (no helmet)
rElec   .          Harm     .   (no cloak)
rCorr   .          Rampage  .   j - +0 pair of gloves
Will    .....                   (no boots)
Stlth   +++.......              (no amulet)
HPRegen 0.87/turn               h - +6 ring of strength
MPRegen 0.11/turn               (no ring)

@: lethally poisoned (-11 -> -13)
A: fangs 2, regeneration 1, magic shield, antimagic bite, no potion heal 2
a: Renounce Religion, Berserk


You were on level 3 of the Dungeon.
You worshipped Trog.
Trog was aware of your devotion.
You visited 1 branch of the dungeon, and saw 3 of its levels.

You collected 115 gold pieces.

Inventory:

Hand Weapons
 a - a +1 dagger (weapon)
Missiles
 d - 9 poisoned darts (quivered)
 n - 4 large rocks
 o - 4 stones
Armour
 b - a +0 robe (worn)
 j - a +0 pair of gloves (worn)
Jewellery
 h - a +6 ring of strength (left hand)
Scrolls
 g - a scroll of teleportation {unknown}
 k - a scroll of enchant armour {unknown}
 m - 2 scrolls of identify {unknown}
Potions
 c - a potion of invisibility
 e - a potion of flight {unknown}
 f - 2 potions of heal wounds {unknown}
 i - 2 potions of curing {unknown}
 l - a potion of haste {unknown}


   Skills:
 + Level 0.7 Fighting
 + Level 2.1 Short Blades
 + Level 2.1 Dodging
 + Level 5.0 Stealth
 - Level 2.4 Spellcasting
 - Level 3.1 Hexes


You had 7 spell levels left.
You didn't know any spells.
Your spell library contained the following spells:

 Spells                   Type           Power      Damage    Failure   Level
 Ensorcelled Hibernation  Hex/Ice        12%        N/A       17%         2
 Confusing Touch          Hex            11%        N/A       17%         3
 Tukima's Dance           Hex            11%        N/A       17%         3
 Dazzling Flash           Conj/Hex       12%        N/A       32%         3
 Gell's Gravitas          Tloc           1%         N/A       54%         3
 Lesser Beckoning         Tloc           1%         N/A       54%         3
 Teleport Other           Tloc           1%         N/A       54%         3


Dungeon Overview and Level Annotations

Branches:
Dungeon (3/15)

Altars:
Trog

Shops:
D:2 =(


Innate Abilities, Weirdness & Mutations

You have extremely sharp teeth.
Your natural rate of healing is unusually fast.
When hurt, damage is shared between your health and your magic reserves.
Your bite disrupts and absorbs the magic of your enemies.
Potions cannot restore your health.


Message History

Trog accepts your kill. The giant cockroach closely misses you.
Your Stealth skill increases to level 5!
You closely miss the giant cockroach. You bite the giant cockroach.
You drain its power.
The giant cockroach is moderately wounded.
The giant cockroach barely misses you.
You hit the giant cockroach. Your bite misses the giant cockroach.
The giant cockroach is severely wounded.
The giant cockroach bites you.
You hit the giant cockroach.
You kill the giant cockroach!
Trog accepts your kill.
You miss the adder. Your bite misses the adder. The adder barely misses you.
You hit the adder.
The adder is lightly wounded.
The orc hits you with a +3 flail! The adder bites you.
You are poisoned.
The adder poisons you!
You hit the adder. You bite the adder. You drain its power.
You feel invigorated.
The adder is severely wounded.
You feel sick. The orc hits you with a +3 flail. The adder closely misses you.
You hit the adder but do no damage.
The adder is severely wounded.
The adder bites you.
You are more poisoned.
The adder poisons you! The orc closely misses you.
You hit the adder.
You kill the adder!
Trog accepts your kill.
You feel very sick. The orc barely misses you.
The orc attacks as you move away! The orc hits you with a +3 flail!
* * * LOW HITPOINT WARNING * * *
x2 You feel sick.
The orc priest calls down the wrath of Beogh upon you.
Beogh smites you!
Ouch! That really hurt!
You die...

#####.....#.##.......)..
#.................#.####
##...........#####.#.# #
.............## ##.#.##
# #.o.o).o..†..#
#.....###
.....#.#o##...#
#..#..... ... #.#o##...#
#..##.### . #.#.##...#
#........ #.#@##...#
#..###.#. #.#.###..# #.
#.#. #.#.# #...
#.####.#. #.#.#
##............ #.#
.#.####.#. #.# #... #..
....##...#. ≈≈###
#.o.##...#.
≈≈###...##.#.#.


You could see an orc priest and 2 orcs.

Vanquished Creatures
  A hound (D:3)
  An adder (D:3)
  2 worms (D:2)
  3 orcs (D:3)
  5 ball pythons
  3 bats (D:1)
  4 endoplasms
  5 giant cockroaches
  7 goblins
  6 hobgoblins
  3 jackals (D:2)
  7 frilled lizards
  4 kobolds
  7 rats
58 creatures vanquished.

Notes
Turn   | Place    | Note
-------+----------+-------------------------------------------
     0 | D:1      | n8rtot the Vine Stalker Enchanter began the quest for the
                  | Orb.
     0 | D:1      | Reached XP level 1. HP: 9/9 MP: 4/4
   185 | D:1      | Reached skill level 4 in Stealth
   185 | D:1      | Reached XP level 2. HP: 10/13 MP: 4/6
   783 | D:1      | Reached skill level 1 in Short Blades
   859 | D:1      | Reached XP level 3. HP: 16/16 MP: 7/7
  1113 | D:2      | Found Etir's Weapon Shoppe.
  1328 | D:2      | Found a faded altar of an unknown god.
  1334 | D:2      | Prayed at the altar of an unknown god.
  1334 | D:2      | Became a worshipper of Trog the Wrathful
  1334 | D:2      | Reached * piety under Trog
  2328 | D:2      | Gained mutation: Your natural rate of healing is unusually
                  | fast. [Vine Stalker growth]
  2328 | D:2      | Reached XP level 4. HP: 19/21 MP: 6/8
  2427 | D:2      | Found Jemaz's Jewellery Boutique.
  2966 | D:3      | Reached skill level 5 in Stealth
  2974 | D:3      | Killed from afar by an orc priest

Illustrated notes

Levels and vault maps discovered:
D:1:      erik_arrival_cave_to_civilisation [erik_arrival_cave_to_temple],
          layout_loops_ring
D:2:      minmay_diamond_boxcup, layout_loops_ring,
          ebering_ecumenical_altar_hall, serial_shops,
          nicolae_shop_bloodbath_and_beyond, nicolae_shop_hallway_plus,
          minmay_misc_feat_five
D:3:      wander_river, layout_basic

Skill      XL: |  1  2  3  4 |
---------------+-------------+-----
Stealth        | 4 5 |  5.0
Short Blades   | 1 2 |  2.1
Dodging        | 2 |  2.1
Fighting       | |  0.7
Spellcasting   | |  2.4
Hexes          | |  3.1

Action                   |  1- 3 |  4- 6 || total
-------------------------+-------+-------++-------
Melee: Dagger            |   128 |    34 ||   162
       Bite              |    30 |    10 ||    40
  Use: Potion            |     1 |       ||     1
 Stab: Sleeping          |     9 |     1 ||    10
Armor: Robe              |    17 |     6 ||    23
Dodge: Dodged            |    70 |    20 ||    90

Table legend: (Time is in decaauts)
 A = Elapsed time spent in this place.
 B = Non-inter-level travel time spent in this place.
 C = Inter-level travel time spent in this place.
 D = Time resting spent in this place.
 E = Time spent auto-exploring this place.
 F = Levels seen in this place.
 G = Mean time per level.
                   A        B        C        D        E       F      G
               +--------+--------+--------+--------+--------+-----+--------+
         Total |   2962 |   2962 |      0 |    521 |   1721 |   3 |  987.3 |
       Dungeon |   2962 |   2962 |      0 |    521 |   1721 |   3 |  987.3 |
               +--------+--------+--------+--------+--------+-----+--------+

Top non-repeatable levels by time:
     D:2: 1650 daAuts
     D:1: 1040 daAuts
     D:3: 270 daAuts
